Map: Eternal Empire LE

Players

Reynor - Winner!

  • Race: Zerg Zerg
  • Spawn Location: 7:00

TLHarstem (Harstem)

  • Race: Protoss Protoss
  • League: Master
  • Spawn Location: 1:00

Event: StayAtHomestory Cup #2

VOD

https://www.youtube.com/watch?v=qDnyL-3uRps

Description

Time

  • Played on: June 11, 2020, 2:01 p.m.
  • Length: 16:05

All games in this series

Show
View Real Time Build Order
Export as new Build Order

Reynor Zerg - Winner!

Build Orders: Hatch First 

Get SALT Encoding   

  12  0:00  Drone  
  13  0:12  Overlord  
  13  0:16  Drone  
  14  0:30  Drone x2  
  16  0:48  Hatchery  
  15  0:51  Drone  
  15  0:56  Drone  
  17  0:58  Drone  
  18  1:10  Extractor  
  17  1:13  Spawning Pool  
  17  1:16  Drone  
  17  1:19  Drone  
  18  1:27  Drone  
  19  1:38  Drone  
  20  1:49  Overlord  
  20  2:00  Queen x2, Zergling x4  
  26  2:10  Drone x2  
  26  2:14  Metabolic Boost  
  28  2:21  Drone x2  
  30  2:32  Drone x2  
  32  2:44  Hatchery  
  31  2:50  Pneumatized Carapace  
  31  2:52  Drone  
  31  2:54  Overlord  
  32  3:01  Queen  
  32  3:05  Drone  
  35  3:09  Drone  
  36  3:13  Drone x2  
  36  3:17  Drone  
  36  3:18  Drone  
  40  3:25  Overlord  
  40  3:26  Drone  
  41  3:36  Drone x2  
  41  3:39  Overlord  
  43  3:42  Drone  
  43  3:44  Queen, Zergling x2  
  43  3:47  Spore Crawler  
  46  3:49  Drone, Overlord  
  47  3:55  Zergling x2  
  47  3:57  Spore Crawler  
  47  3:58  Drone  
  47  4:00  Drone  
  49  4:03  Queen  
  49  4:04  Spore Crawler  
  49  4:08  Drone  
  49  4:09  Zergling x2  
  52  4:11  Drone  
  52  4:13  Drone x3  
  52  4:17  Overlord  
  56  4:21  Zergling x4  
  56  4:24  Overlord  
  58  4:25  Drone x2  
  58  4:28  Drone  
  61  4:32  Drone  
  61  4:34  Drone  
  63  4:40  Drone  
  63  4:43  Drone  
  63  4:44  Drone x2  
  63  4:45  Drone  
  63  4:48  Drone x2, Lair  
  63  4:49  Drone  
  63  4:51  Drone  
  68  4:55  Overlord  
  68  4:56  Drone  
  69  5:01  Drone x3  
  69  5:03  Extractor, Drone  
  69  5:04  Evolution Chamber  
  73  5:07  Drone x2  
  73  5:12  Extractor  
  72  5:14  Drone  
  72  5:18  Drone x3  
  72  5:21  Drone x2, Hatchery  
  75  5:22  Drone  
  75  5:23  Drone  
  75  5:25  Drone x2  
  79  5:30  Drone  
  79  5:31  Drone x2  
  81  5:36  Drone  
  81  5:39  Drone x2  
  81  5:40  Zerg Melee Weapons Level 1  
  81  5:41  Extractor  
  82  5:43  Queen  
  82  5:47  Drone x5  
  83  5:51  Overlord, Hydralisk Den  
  83  5:52  Overseer  
  83  5:54  Drone x3  
  85  5:59  Queen  
  85  6:00  Extractor  
  85  6:01  Extractor, Zergling x10  
  90  6:05  Baneling Nest  
  90  6:07  Zergling x2  
  90  6:09  Evolution Chamber  
  90  6:10  Overlord  
  89  6:12  Zergling x4  
  91  6:20  Overlord  
  91  6:22  Hydralisk x3  
  97  6:26  Spore Crawler  
  97  6:34  Zerg Missile Weapons Level 1  
  97  6:36  Muscular Augments  
  97  6:37  Drone x9  
  106  6:42  Hydralisk x2  
  106  6:44  Overlord  
  108  6:49  Hydralisk  
  108  6:50  Zergling x6  
  108  6:52  Zergling x6  
  116  6:54  Hydralisk  
  116  6:56  Zergling x2  
  116  7:00  Overlord  
  119  7:02  Zergling x2  
  119  7:03  Zergling x2  
  119  7:04  Overlord  
  121  7:11  Hydralisk  
  121  7:12  Zergling x8  
  121  7:13  Centrifical Hooks  
  121  7:15  Drone x3  
  126  7:16  Drone  
  126  7:18  Drone  
  126  7:20  Drone x4  
  126  7:21  Drone  
  133  7:24  Overlord  
  133  7:29  Drone  
  132  7:31  Hydralisk  
  132  7:32  Zergling x2  
  132  7:33  Overlord, Overseer  
  132  7:34  Zerg Melee Weapons Level 2  
  135  7:41  Hydralisk  
  136  7:47  Grooved Spines  
  136  7:49  Spore Crawler  
  136  7:51  Drone  
  136  7:53  Spore Crawler  
  136  7:54  Hatchery  
  136  7:56  Zergling x18, Spore Crawler  
  141  8:05  Zergling x20  
  150  8:12  Zergling x2  
  151  8:14  Overlord x2  
  151  8:21  Zergling x2  
  151  8:22  Overlord  
  152  8:34  Zergling x26  
  152  8:41  Zergling x2, Hydralisk  
  163  8:42  Zergling x2  
  163  8:43  Hydralisk  
  163  8:46  Zergling x6  
  163  8:47  Hydralisk  
  160  8:48  Zergling x6  
  160  8:51  Zergling x6  
  160  8:54  Baneling x3  
  160  8:55  Baneling x9  
  159  8:56  Hydralisk x2  
  159  8:57  Hydralisk  
  159  9:01  Zergling x2  
  160  9:03  Baneling  
  160  9:04  Baneling x9  
  160  9:07  Infestation Pit, Hydralisk  
  160  9:08  Zergling x4  
  161  9:10  Zergling x6  
  161  9:14  Drone x2  
  161  9:16  Zergling x4  
  161  9:17  Zergling x2  
  169  9:20  Zergling x10  
  169  9:21  Baneling x4  
  162  9:32  Zergling x2, Hydralisk  
  162  9:33  Zergling x8  
  162  9:38  Queen, Drone x2  
  165  9:44  Zergling x2  
  165  9:45  Zergling x22  
  162  9:51  Baneling x14  
  162  9:52  Hive, Zerg Missile Weapons Level 2  
  151  9:53  Zergling x8  
  151  9:58  Drone x3  
  156  10:00  Hydralisk  
  156  10:04  Baneling  
  156  10:05  Baneling  
  156  10:06  Zergling x10  
  162  10:07  Zergling x4  
  162  10:11  Zergling x2  
  162  10:12  Zergling x8  
  169  10:18  Baneling x2  
  169  10:19  Baneling x3  
  169  10:20  Hydralisk  
  169  10:21  Zergling x6  
  172  10:22  Baneling x2  
  172  10:28  Zergling x14  
  160  10:29  Zergling x4  
  160  10:31  Zergling x4  
  156  10:38  Hydralisk  
  156  10:39  Zergling x4  
  156  10:40  Zergling x6  
  156  10:42  Hydralisk x2  
  147  10:43  Zergling x6  
  147  10:46  Spire  
  142  10:52  Hydralisk  
  142  10:53  Zergling x6  
  142  10:55  Hydralisk  
  141  11:02  Hydralisk x3  
  131  11:04  Adrenal Glands  
  131  11:05  Baneling  
  131  11:06  Baneling x4  
  131  11:08  Zerg Melee Weapons Level 3  
  131  11:09  Drone x4  
  131  11:10  Drone x3, Unknown  
  137  11:13  Zergling x2  
  137  11:14  Zergling x12  
  137  11:15  Hydralisk  
  137  11:16  Zergling x4  
  137  11:17  Baneling x5  
  148  11:22  Zergling x2  
  149  11:26  Zergling x6  
  149  11:27  Zergling x2  
  149  11:32  Zergling x8  
  154  11:36  Zergling x10  
  150  11:48  Zergling x16  
  150  11:51  Drone x3  
  156  11:54  Zergling x4  
  156  11:56  Overseer  
  156  12:02  Drone x2  
  156  12:03  Drone  
  158  12:09  Zergling x6  
  158  12:10  Zergling x18  
  158  12:15  Greater Spire  
  163  12:16  Baneling x6  
  163  12:17  Baneling x2, Hatchery  
  163  12:19  Zergling x14  
  163  12:21  Zergling x2  
  170  12:24  Zergling x6  
  170  12:29  Overlord  
  167  12:31  Hatchery  
  167  12:33  Overlord  
  167  12:34  Corruptor x5  
  174  12:49  Corruptor x3  
  177  12:51  Baneling x5  
  176  13:07  Drone x3  
  176  13:09  Extractor  
  176  13:10  Extractor  
  176  13:12  Zergling x20  
  186  13:13  Zergling x6  
  186  13:17  Overlord x2  
  189  13:26  Overlord  
  184  13:30  Baneling x4  
  184  13:31  Baneling x6  
  184  13:44  Zergling x14  
  184  13:45  Zergling x18  
  184  13:47  Hydralisk  
  184  13:48  Zergling x6  
  181  13:57  Hydralisk  
  181  13:58  Zergling x28  
  184  14:06  Zergling x12  
  184  14:07  Baneling x9  
  184  14:09  Zergling x2  
  179  14:41  Brood Lord x8  
  193  14:49  Zergling x6  
  193  14:50  Zergling x14  
  199  14:53  Pathogen Glands  
  190  15:08  Zergling x30  
  190  15:09  Zergling x2  
  197  15:15  Corruptor x2  
  196  15:26  Zergling x10  
  196  15:28  Corruptor x2  
  195  15:32  Drone x3  
  195  15:33  Drone  
  195  15:34  Zergling x8  
  190  15:51  Drone x3  
  190  15:53  Hatchery  
Show
View Real Time Build Order
Export as new Build Order

TLHarstem Protoss 

Build Orders: 1 Gate Expand, Oracle Opening, Zealot Archon 

Get SALT Encoding   

  12  0:01  Probe  
  13  0:13  Probe  
  14  0:19  Pylon  
  14  0:26  Probe  
  15  0:35  Probe  
  15  0:38  Gateway  
  16  0:43  Probe  
  16  0:48  Assimilator  
  17  0:52  Probe  
  18  1:04  Probe  
  19  1:16  Probe  
  20  1:24  Nexus  
  20  1:36  Cybernetics Core  
  20  1:37  Probe  
  21  1:46  Assimilator  
  21  1:49  Probe  
  21  1:53  Pylon  
  22  2:01  Probe  
  22  2:02  Adept  
  23  2:13  Probe  
  26  2:22  Probe  
  26  2:23  Stargate  
  27  2:30  Probe  
  27  2:32  Adept  
  27  2:34  Probe  
  31  2:37  Warp Gate  
  31  2:40  Probe  
  31  2:42  Probe  
  32  2:50  Probe  
  33  2:52  Probe  
  33  2:54  Pylon  
  35  3:02  Stalker  
  35  3:03  Probe  
  38  3:06  Probe, Oracle  
  39  3:15  Probe  
  43  3:20  Probe, Gateway  
  44  3:28  Probe  
  44  3:32  Probe  
  44  3:33  Oracle  
  46  3:34  Pylon  
  46  3:43  Probe  
  46  3:45  Probe  
  51  3:53  Nexus  
  51  3:58  Probe  
  51  3:59  Pylon  
  51  4:00  Probe  
  53  4:06  Robotics Facility  
  53  4:10  Probe  
  53  4:12  Probe  
  55  4:19  Probe  
  55  4:20  Assimilator  
  56  4:24  Assimilator  
  56  4:25  Probe  
  56  4:27  Forge, Probe  
  56  4:28  Twilight Council  
  57  4:37  Probe x2  
  59  4:44  Sentry, Zealot  
  64  4:47  Observer  
  64  4:49  Probe x2, Pylon  
  67  5:00  Gateway, Protoss Ground Weapons Level 1  
  67  5:01  Probe x2  
  67  5:02  Gateway  
  70  5:08  Immortal  
  70  5:10  Probe  
  74  5:16  Probe  
  74  5:17  Probe  
  74  5:18  Probe  
  74  5:19  Charge  
  76  5:24  Probe  
  76  5:27  Gateway  
  76  5:28  Zealot  
  79  5:29  Probe x2  
  79  5:31  Adept  
  79  5:33  Probe  
  80  5:40  Probe  
  80  5:41  Probe  
  82  5:48  Probe  
  81  5:52  Probe  
  81  5:54  Probe  
  83  5:58  Templar Archives  
  83  6:00  Probe, Assimilator  
  83  6:01  Probe, Pylon  
  83  6:03  Assimilator  
  84  6:04  Gateway x2  
  84  6:08  Photon Cannon  
  84  6:09  Probe x2  
  86  6:12  Probe  
  86  6:17  Pylon  
  88  6:21  Probe  
  88  6:22  Gateway  
  90  6:26  Gateway  
  90  6:32  Phoenix  
  91  6:34  High Templar x2  
  91  6:35  Pylon  
  91  6:39  Gateway  
  95  6:40  Archon, Warp Prism  
  95  6:41  Gateway  
  95  6:44  High Templar  
  95  6:45  High Templar  
  99  6:50  Archon  
  99  6:53  Zealot  
  103  6:56  Probe  
  103  6:58  Pylon  
  104  7:06  Psionic Storm  
  104  7:07  Pylon  
  104  7:08  Nexus  
  104  7:13  Protoss Ground Weapons Level 2, Probe  
  104  7:14  Observer  
  104  7:15  Pylon  
  105  7:21  High Templar x2  
  109  7:25  Pylon  
  107  7:30  Probe, Gateway  
  107  7:32  Zealot x5  
  118  7:37  Probe  
  118  7:38  Photon Cannon  
  118  7:43  Probe, High Templar  
  118  7:44  High Templar  
  124  7:50  Photon Cannon  
  124  7:51  Unknown  
  124  7:55  Gateway  
  124  7:57  Probe  
  123  7:59  High Templar x2  
  123  8:00  Probe  
  123  8:02  Pylon  
  128  8:07  Zealot x4  
  128  8:11  Zealot x3  
  140  8:24  Probe  
  140  8:25  Immortal  
  137  8:33  High Templar x3  
  147  8:34  Probe  
  147  8:36  Shield Battery  
  147  8:37  Archon  
  147  8:40  Photon Cannon, Zealot x3  
  150  8:42  Photon Cannon  
  150  8:45  Zealot x2  
  150  8:46  Zealot  
  140  8:53  Zealot  
  140  8:54  Probe x2, Zealot x3  
  138  8:58  Probe  
  133  9:03  Zealot  
  133  9:04  Zealot x2  
  133  9:08  Zealot x2  
  135  9:15  High Templar x3  
  135  9:16  High Templar  
  143  9:17  High Templar x2  
  143  9:20  Archon  
  143  9:22  Archon  
  143  9:23  Archon, Zealot x2  
  145  9:32  Protoss Ground Weapons Level 3, Probe  
  145  9:37  Zealot x5  
  148  9:45  Archon x2  
  132  9:47  Zealot x2  
  132  9:49  Probe, Zealot  
  132  9:50  Zealot x5  
  132  9:52  Probe  
  144  9:58  High Templar x4  
  150  10:09  High Templar x2  
  152  10:14  Pylon  
  152  10:16  Pylon  
  152  10:18  High Templar  
  148  10:24  Nexus  
  132  10:29  Pylon  
  132  10:30  Zealot x8  
  138  10:37  Archon  
  138  10:39  Zealot x2  
  111  10:45  Zealot x2  
  101  10:50  Zealot x5  
  101  10:51  Zealot  
  108  11:04  High Templar x2  
  108  11:06  Photon Cannon  
  108  11:09  High Templar x2, Photon Cannon  
  108  11:10  High Templar  
  108  11:11  High Templar x3  
  122  11:16  Archon  
  122  11:17  High Templar  
  126  11:19  Zealot x3  
  126  11:22  Photon Cannon  
  126  11:23  Probe x2  
  126  11:24  Zealot  
  136  11:26  Warp Prism  
  136  11:27  Archon  
  136  11:31  Probe  
  133  11:35  Pylon  
  133  11:39  Probe  
  132  11:42  Assimilator, Zealot x5  
  132  11:46  Probe  
  141  11:51  Zealot x6  
  149  12:01  High Templar x2  
  149  12:03  Probe  
  149  12:05  Pylon  
  149  12:08  Photon Cannon, Assimilator  
  154  12:10  Archon, Fleet Beacon, Photon Cannon  
  154  12:12  Stargate  
  144  12:19  High Templar x4  
  144  12:21  Zealot x3  
  154  12:23  Archon, Zealot  
  154  12:24  Archon  
  154  12:26  Zealot x2  
  156  12:35  Probe  
  157  12:38  Observer  
  157  12:40  Protoss Air Weapons Level 1  
  157  12:48  Warp Prism  
  157  12:49  Zealot x5  
  168  13:01  Photon Cannon  
  168  13:03  Photon Cannon  
  168  13:04  Zealot x3  
  168  13:15  Stalker  
  170  13:22  Observer  
  163  13:27  Probe  
  163  13:31  High Templar x4  
  163  13:32  High Templar x2  
  163  13:33  High Templar x2  
  180  13:40  Archon  
  180  13:41  Archon x3  
  180  13:42  Zealot x5  
  186  13:48  Archon  
  156  14:04  High Templar x2  
  156  14:07  Nexus  
  160  14:13  High Templar  
  160  14:14  High Templar x5  
  160  14:15  High Templar x2  
  176  14:17  Zealot x3  
  176  14:18  Warp Prism  
  176  14:19  Archon x2  
  176  14:22  Archon  
  176  14:24  Archon  
  168  14:40  Zealot x5  
  168  14:41  Probe  
  168  14:43  Pylon  
  179  14:47  Pylon x3  
  179  14:49  Zealot x6  
  187  14:57  Tempest  
  187  14:59  Tempest  
  187  15:01  Zealot x4, Pylon  
  187  15:06  Zealot x3  
  193  15:13  Zealot x6  
  173  15:28  Zealot x2  
  173  15:29  Zealot x5  
  173  15:34  Zealot x4  
  148  15:47  High Templar x2  
  145  15:52  High Templar  
  145  15:53  High Templar  
  144  15:59  Zealot x3  
  144  16:00  Zealot x2  
Tags
 
Add a new tag
Caveats
  • Supply blocks, unpowered buildings, or Contaminate may cause inaccurate times.
  • Supply counts are checked every 10 seconds.